 Dungeon Crawl Stone Soup version 0.22-a0-482-g76e0a5f (webtiles) character file.

69 Tallim the Chopper (level 4, -1/39 HPs)
             Began as a Hill Orc Monk on June 17, 2018.
             Slain by a hound (3 damage)
             ... on level 4 of the Dungeon.
             The game lasted 00:05:50 (2048 turns).

Tallim the Chopper (Hill Orc Monk)                  Turns: 2048, Time: 00:05:51

Health: -1/39      AC: 10    Str: 14    XL:     4   Next: 20%
Magic:  4/4        EV:  4    Int: 10    God:
Gold:   51         SH:  0    Dex: 13    Spells: 3/3 levels left

rFire    . . .     SeeInvis .   a - +0 hand axe
rCold    . . .     Gourm    .   (no shield)
rNeg     . . .     Faith    .   i - +0 plate armour
rPois    .         Spirit   .   (no helmet)
rElec    .         Reflect  .   (no cloak)
rCorr    .         Harm     .   (no gloves)
MR       .....                  (no boots)
Stlth    ..........             (no amulet)
HPRegen  0.13/turn              (no ring)
MPRegen  0.09/turn              (no ring)

@: lethally poisoned (-1 -> -5)
A: no striking features
a: no special abilities


You were on level 4 of the Dungeon.
You were not hungry.

You visited 1 branch of the dungeon, and saw 4 of its levels.

You collected 51 gold pieces.

Inventory:

Hand Weapons
 a - a +0 hand axe (weapon)
Armour
 b - a +0 robe
 i - a +0 plate armour (worn)
Scrolls
 e - 2 scrolls of teleportation {unknown}
 f - 6 scrolls of identify {unknown}
 g - 4 scrolls of amnesia {unknown}
 l - a scroll of blinking {unknown}
Potions
 d - a potion of degeneration {unknown}
 h - a potion of invisibility {unknown}
 j - a potion of cancellation
 k - a potion of brilliance {unknown}
 m - a potion of mutation {unknown}
 o - a potion of agility {unknown}
Comestibles
 c - 4 rations


   Skills:
 - Level 3.6 Fighting
 + Level 6.3 Axes
 + Level 1.0 Armour
 - Level 2.4 Dodging
 - Level 1.5 Stealth


You had 3 spell levels left.
You didn't know any spells.
Your spell library was empty.

Dungeon Overview and Level Annotations

Branches:
Dungeon (4/15)
 Temple: D:4-7

Altars:
Nemelex Xobeh
Yredelemnul
The Shining One

Annotations:
D:3 EvilAshe's ghost, amateur HuFi


Message History

The hound is lightly wounded.
You closely miss the adder. The hound bites you.
* * * LOW HITPOINT WARNING * * *
The adder bites you but does no damage. The hound barely misses you.
It was a potion of cancellation.
You feel magically purged. The adder bites you.
* * * LOW HITPOINT WARNING * * *
You are lethally poisoned!
The adder poisons you! The hound bites you but does no damage.
The adder bites you but does no damage.
You hit the hound.
The hound is heavily wounded.
You miss the adder.
* * * LOW HITPOINT WARNING * * *
You feel sick. The hound bites you but does no damage.
The hound completely misses you. The adder bites you but does no damage.
You hit the hound.
The hound is severely wounded.
You hit the adder. The hound bites you.
You die...

# ######..#
#.S@h.$.#
#<####..#
+...............
#....#.#.##... .
#....#.#.# #...
.S. . #... ...
.. #.. ... ..
#.. ##... ###


You could see a hound and an adder.

Vanquished Creatures
  3 adders
  A worm (D:2)
  A leopard gecko (D:1)
  An orc (D:3)
  A giant cockroach (D:1)
  4 goblins
  3 hobgoblins
  2 jackals (D:3)
  9 bats
  3 frilled lizards
  3 kobolds
  8 rats
39 creatures vanquished.

Notes
Turn   | Place    | Note
-------+----------+-------------------------------------------
     0 | D:1      | Tallim the Hill Orc Monk began the quest for the Orb.
     0 | D:1      | Reached XP level 1. HP: 19/19 MP: 1/1
   264 | D:1      | Reached XP level 2. HP: 26/26 MP: 2/2
   484 | D:1      | Reached skill level 5 in Axes
   871 | D:2      | Reached XP level 3. HP: 29/31 MP: 3/3
  1191 | D:2      | Found a glowing golden altar of the Shining One.
  1546 | D:3      | Reached skill level 6 in Axes
  1717 | D:3      | Found a sparkling altar of Nemelex Xobeh.
  1747 | D:3      | Reached XP level 4. HP: 37/39 MP: 4/4
  1769 | D:3      | Found a basalt altar of Yredelemnul.
  1908 | D:3      | Noticed EvilAshe's ghost (amateur HuFi)
  1961 | D:3      | Reached skill level 1 in Armour
  1988 | D:3      | HP: 1/39 [poisoned by an adder]
  2048 | D:4      | Slain by a hound

Vault maps used:
D:1:      dpeg_arrival_tiny_f
D:2:      first_ration, tso_altar
D:3:      nemelex_xobeh_ov_fountains_minmay, lemuel_round_altar
D:4:      uniq_menkaure, uniq_pikel

Skill      XL: |  1  2  3  4 |
---------------+-------------+-----
Axes           | 5 6 |  6.3
Armour         | 1 |  1.0
Fighting       | |  3.6
Dodging        | |  2.4
Stealth        | |  1.5

Action                   |  1- 3 |  4- 6 || total
-------------------------+-------+-------++-------
Melee: Hand axe          |   131 |    30 ||   161
  Use: Potion            |       |     1 ||     1
 Stab: Sleeping          |     2 |       ||     2
  Eat: Ration            |     1 |       ||     1
Armor: Robe              |    13 |       ||    13
       Plate armour      |    85 |    27 ||   112
Dodge: Dodged            |    49 |    13 ||    62

Table legend:
 A = Spawn XP
 B = Non-spawn XP
 C = Spawn XP percentage of total XP
 D = Spawn monster count
 E = Non-spawn monster count
 F = Spawn count percentage of total count
 G = Total turns spent on level
                    A         B        C        D         E        F      G
               +---------+---------+-------+---------+---------+-------+---------
         Total |       0 |      99 |   0.0 |       0 |      39 |   0.0 |  2048
               +---------+---------+-------+---------+---------+-------+---------
           D:1 |       0 |      22 |   0.0 |       0 |      16 |   0.0 |   756
           D:2 |       0 |      35 |   0.0 |       0 |      12 |   0.0 |   771
           D:3 |       0 |      42 |   0.0 |       0 |      11 |   0.0 |   511
               +---------+---------+-------+---------+---------+-------+---------
